 Dungeon Crawl Stone Soup version 0.30-a0-739-gea05faddec (webtiles) character file.

Game seed: 5071233582280063156

108155 KleinerIrrer the Warrior (level 16, -3/195 HPs)
             Began as an Ogre Fighter on Feb 4, 2023.
             Was a High Priest of Cheibriados.
             Slain by a caustic shrike simulacrum (10 damage)
             ... in an ice cave.
             The game lasted 01:23:42 (26590 turns).

KleinerIrrer the Warrior (Ogre Fighter)            Turns: 26590, Time: 01:23:43

Health: -3/195     AC: 11    Str: 46    XL:     16   Next: 48%
Magic:  21/21      EV: 14    Int: 20    God:    Cheibriados [*****.]
Gold:   1545       SH:  0    Dex: 19    Spells: 15/15 levels left

rFire   + + .      SeeInvis .    v - +0 giant spiked club (protect)
rCold   + + +      Faith    .    (shield currently unavailable)
rNeg    + . .      Spirit   .    b - +1 robe {rC+ rF+}
rPois   +          Reflect  +    V - -2 hat of the Alchemist {rElec rPois rF+ rC+ rN+ Will+ rMut rCorr}
rElec   +          Harm     .    u - +0 cloak {rC+}
rCorr   +          Rampage  .    (gloves unavailable)
rMut    +                        (boots unavailable)
Will    ++...                    W - amulet of reflection
Stlth   +                        T - +4 ring of protection
HPRegen 0.52/turn                c - +4 ring of protection
MPRegen 0.17/turn

@: confused, brilliant, ambrosia-drunk, very slow
A: large, unfitting armour, tough skin 1, cold resistance 1, strong 1, no potion
heal 1
a: Renounce Religion, Bend Time, Temporal Distortion, Slouch, Step From Time


You were in an ice cave.
You worshipped Cheibriados.
Cheibriados was extremely pleased with you.
You visited 5 branches of the dungeon, and saw 24 of its levels.
You also visited: Sewer and Ice Cave.

You collected 3992 gold pieces.
You spent 2447 gold pieces at shops.

Inventory:

Hand Weapons
 v - a +0 giant spiked club of protection (weapon)
 A - the +5 giant spiked club "Vebarof" {antimagic, rPois rCorr Int+2}
   (You acquired it on level 2 of the Orcish Mines)

   Int:       It affects your intelligence (+2).
   rPois:     It protects you from poison.
   rCorr:     It protects you from acid and corrosion.
Missiles
 t - a throwing net
 y - 6 boomerangs (quivered)
 B - 7 javelins
 E - 52 poisoned darts
 F - 10 curare-tipped darts
 J - 21 large rocks
 M - 2 silver boomerangs
 S - 3 silver javelins
Armour
 b - a +1 robe of resistance (worn)
 u - a +0 cloak of cold resistance (worn)
 x - a +0 troll leather armour
 H - a +2 robe of positive energy
 V - the -2 hat of the Alchemist (worn) {rElec rPois rF+ rC+ rN+ Will+ rMut rCorr}
   (You acquired it on level 4 of the Lair of Beasts)

   rF:        It protects you from fire.
   rC:        It protects you from cold.
   rElec:     It insulates you from electricity.
   rPois:     It protects you from poison.
   rN:        It protects you from negative energy.
   rCorr:     It protects you from acid and corrosion.
   rMut:      It protects you from mutation.
   Will:      It increases your willpower.
Jewellery
 c - a +4 ring of protection (right hand)
 e - an amulet of magic regeneration
 g - a ring of protection from fire
 j - a ring of flight
 K - a ring of willpower
 N - a ring of fire
 T - a +4 ring of protection (left hand)
 W - an amulet of reflection (around neck)
 Y - a ring of protection from fire
Wands
 k - a wand of roots (8)
 o - a wand of quicksilver (5)
 D - a wand of digging (2)
 I - a wand of mindburst (6)
 O - a wand of paralysis (10)
 Q - a wand of polymorph (10)
 R - a wand of flame (4)
Scrolls
 h - 8 scrolls of immolation
 n - 3 scrolls of teleportation
 q - 6 scrolls of torment
 w - a scroll of butterflies
 G - 11 scrolls of identify
 P - 2 scrolls of amnesia
Potions
 a - 2 potions of might
 d - 3 potions of attraction
 f - 5 potions of mutation
 i - 3 potions of ambrosia
 l - 2 potions of resistance
 m - a potion of cancellation
 p - 4 potions of flight
 r - 6 potions of brilliance
 L - a potion of curing
 Z - 2 potions of lignification
Miscellaneous
 X - a phial of floods


   Skills:
 + Level 20.8 Fighting
 * Level 20.0 Maces & Flails
 - Level 2.0 Armour
 - Level 7.7 Dodging
 - Level 3.0 Shields
 - Level 7.0 Invocations


You had 15 spell levels left.
You didn't know any spells.
Your spell library contained the following spells:

 Spells                   Type           Power      Damage    Failure   Level
 Apportation              Tloc           0%         N/A       19%         1
 Freeze                   Ice            0%         1d3       19%         1
 Magic Dart               Conj           0%         1d3       19%         1
 Necrotise                Necr           0%         1d4       19%         1
 Shock                    Conj/Air       0%         1d3       19%         1
 Summon Small Mammal      Summ           0%         N/A       19%         1
 Call Imp                 Summ           0%         N/A       28%         2
 Cigotuvi's Dreadful Rot  Necr/Pois/Air  0%         N/A       28%         2
 Ensorcelled Hibernation  Hex/Ice        0%         N/A       28%         2
 Passwall                 Tmut/Erth      0%         N/A       28%         2
 Poisonous Vapours        Pois/Air       0%         N/A       28%         2
 Scorch                   Fire           0%         2d5       28%         2
 Searing Ray              Conj           0%         2d4       28%         2
 Static Discharge         Conj/Air       0%         2-2/arc   28%         2
 Call Canine Familiar     Summ           0%         N/A       50%         3
 Frozen Ramparts          Ice            0%         1d1       50%         3
 Hailstorm                Conj/Ice       0%         3d3       50%         3
 Ignite Poison            Fire/Tmut/Pois 0%         N/A       50%         3
 Kindle Blastsparks       Fire/Tloc/Air  0%         2d10      50%         3
 Mephitic Cloud           Conj/Pois/Air  0%         N/A       50%         3
 Summon Guardian Golem    Hex/Summ       0%         N/A       50%         3
 Swiftness                Air            0%         N/A       50%         3
 Teleport Other           Tloc           0%         N/A       50%         3
 Tukima's Dance           Hex            0%         N/A       50%         3
 Vhi's Electric Charge    Tloc/Air       0%         N/A       50%         3
 Airstrike                Air            0%         2d(0-16)  88%         4
 Animate Dead             Necr           0%         N/A       88%         4
 Dispel Undead            Necr           0%         3d6       88%         4
 Flame Wave               Conj/Fire      0%         2d4       88%         4
 Fulminant Prism          Conj/Hex       0%         3d5       88%         4
 Passage of Golubria      Tloc           0%         N/A       88%         4
 Arcjolt                  Conj/Air       0%         1d10      99%         5
 Borgnjor's Vile Clutch   Necr/Erth      0%         N/A       99%         5
 Irradiate                Conj/Tmut      0%         3d11      99%         5
 Lightning Bolt           Conj/Air       0%         1d11      99%         5
 Yara's Violent Unravell  Hex/Tmut       0%         3d3       99%         5
 Death Channel            Necr           0%         N/A       100%        6
 Summon Cactus Giant      Summ           0%         N/A       100%        6


Dungeon Overview and Level Annotations

Branches:
Dungeon (14/15)            Temple (0/1) D:5            Lair (5/5) D:11
  Swamp (2/4) Lair:3        Snake (0/4) Lair:3        Slime (0/5) Lair:5
    Orc (2/2) D:9             Elf (1/3) Orc:2        Vaults (0/5) D:14
  Sewer (visited)           IceCv (1/1)

Altars:
Cheibriados
Elyvilon
Fedhas
Hepliaklqana
Nemelex Xobeh
Qazlal
Uskayaw
Vehumet
Xom
The Shining One

Shops:
Orc:2 =*([

Portals:
Trove: D:14 (give 3 potions of resistance)

Annotations:
D:5 1 transporter
D:14 Louise, Rupert


Innate Abilities, Weirdness & Mutations

You are too large for most types of armour.
You have tough skin. (AC +1)
Your flesh is cold resistant. (rC+)
Your muscles are strong. (Str +4, Int/Dex -1)
Potions are less effective at restoring your health.


Message History

You hit the ettin simulacrum.
The ettin simulacrum is lightly damaged.
The caustic shrike simulacrum claws you but does no damage.
The caustic shrike simulacrum closely misses you.
The ettin simulacrum hits you!! The ettin simulacrum freezes you. You resist.
The ettin simulacrum hits you. The ettin simulacrum freezes you. You resist.
The caustic shrike simulacrum claws you.
* * * LOW HITPOINT WARNING * * *
The caustic shrike simulacrum freezes you.
You resist.
* * * LOW HITPOINT WARNING * * *
Blink to where?
Press: ? - help, Dir - move target
As you read the scroll of blinking, it crumbles to dust.
The caustic shrike simulacrum claws you.
* * * LOW HITPOINT WARNING * * *
The caustic shrike simulacrum freezes you!
You resist.
* * * LOW HITPOINT WARNING * * *
You hit the caustic shrike simulacrum but do no damage.
Your weapon exudes an aura of protection.
You block the caustic shrike simulacrum's attack.
The caustic shrike simulacrum completely misses you.
The caustic shrike simulacrum claws you!!
* * * LOW HITPOINT WARNING * * *
The caustic shrike simulacrum freezes you.
You resist.
* * * LOW HITPOINT WARNING * * *
You feel clever all of a sudden.
The caustic shrike simulacrum claws you but does no damage. x2
You are confused.
Your system partially rejects the healing.
You feel invigorated.
You feel yourself speed up.
The caustic shrike simulacrum misses you.
The caustic shrike simulacrum claws you!
* * * LOW HITPOINT WARNING * * *
The caustic shrike simulacrum freezes you!
You resist.
You die... ..###....## ###..# .Z.._. ........## ##...# W..Z. .....#### ###...## ZWWn

....## ###...### ##.W.
...## ###...### ##..W
#.## ###....##
#####.n. ### ##....###
##.##...### # ##...###
##.Z.##....# ##
#..########.@#..###†.#
.#
##..###.....###..ZZ○##
.# ##........##
##...## ##
#........8######## #
#..........[# #
#..........[# #
##.......#### ##
###...### .## #..##


You could see a caustic shrike simulacrum.

Vanquished Creatures
  An orc warlord (Orc:2)
  A very ugly thing (Elf:1)
  A vampire knight (D:12)
  An eleionoma (Swamp:1)
  Nessos (D:14)
  A bunyip (Swamp:1)
  The ghost of Vildbasse the Fighter, a journeyman MiFi of Makhleb (Lair:3)
  Josephine (Orc:2)
  Erolcha (Orc:1)
  The ghost of Forip Xumo the Thaumaturge, a journeyman NaIE of Vehumet (D:12)
  4 hydras
  2 caustic shrike simulacra (IceCv)
  2 two-headed ogres
  2 centaur warriors
  A ghost crab (Lair:3)
  A merfolk avatar (Lair:5)
  2 alligators (Swamp:2)
  3 boulder beetles
  2 tengu warriors (D:14)
  3 dancing weapons
  4 death yaks (Lair:3)
  Urug (D:14)
  2 orc high priests (Orc:2)
  Nergalle (Lair:3)
  Sonja (D:10)
  A shadow wraith (D:12)
  Lodul (D:11)
  A sea snake (Lair:5)
  5 skeletal warriors
  4 goliath frogs
  2 spriggan druids (Swamp:1)
  A harpy (shapeshifter) (D:14)
  A lindwurm (Lair:5)
  3 bog bodies (IceCv)
  A spectral hydra (Lair:3)
  A phantasmal warrior (D:12)
  3 orc knights
  A deep elf pyromancer (Elf:1)
  A necromancer (IceCv)
  4 deep elf zephyrmancers
  A harpy (Lair:5)
  12 orc sorcerers
  6 cyclopes
  9 ugly things
  A manticore (Lair:5)
  5 elephants
  A torpor snail (Lair:5)
  2 black mambas
  9 cane toads
  A gargoyle (D:11)
  A rime drake (shapeshifter) (D:14)
  14 komodo dragons
  2 unseen horrors
  15 freezing wraiths
  An efreet (D:14)
  2 ice devils (IceCv)
  2 rime drakes
  An anaconda simulacrum (IceCv)
  A tengu conjurer (D:14)
  A tyrant leech (Swamp:2)
  8 trolls
  4 polar bears
  Grinder (D:4)
  10 hornets
  A spectral meliai (D:12)
  21 blink frogs
  2 snapping turtles (Lair:5)
  A spectral elephant (Lair:3)
  Sigmund (D:2)
  3 centaur simulacra (D:12)
  The ghost of Bnni the Cutter, an amateur VSFi (D:5)
  8 slime creatures
  2 spriggans (Swamp:1)
  6 wraiths
  4 shadows
  9 wyverns
  8 basilisks
  74 yaks
  15 humans
  2 vampire mosquitoes (D:12)
  5 steam dragons
  3 minotaur simulacra (IceCv)
  3 swamp worms
  5 wargs
  3 harpy simulacra (IceCv)
  2 nagas (Lair:3)
  13 water moccasins
  A hydra simulacrum (IceCv)
  A floating eye (Orc:1)
  2 acid dragons
  An alligator simulacrum (IceCv)
  2 ice beasts (D:7)
  2 swamp drakes
  22 orc warriors
  16 ogres
  3 wolves (Lair:4)
  2 phantoms
  9 centaurs
  7 kobold brigands
  2 gnoll sergeants
  3 scorpions
  8 bullfrogs
  A deep troll simulacrum (IceCv)
  7 wights
  8 killer bees (D:11)
  5 lindwurm simulacra (IceCv)
  4 howler monkeys
  3 gnoll boudas
  3 jellies
  6 orc priests
  2 hounds (D:4)
  2 iguanas
  14 orc wizards
  A sickly merfolk siren (Sewer)
  A malarious merfolk avatar (Sewer)
  Robin (D:2)
  18 gnolls
  11 adders
  2 river rats (Sewer)
  2 white imps (D:6)
  2 worms
  2 dart slugs
  46 orcs
  4 endoplasms
  11 giant cockroaches
  16 goblins
  14 hobgoblins
  7 jackals
  46 kobolds
  8 quokkas
  11 ball pythons
  A bat (D:2)
  9 frilled lizards
  26 rats
748 creatures vanquished.

Vanquished Creatures (others)
  An orc sorcerer (Orc:2)
  A naga (Lair:3)
  An orc warrior (Orc:2)
  An orc (Orc:1)
  A bush (Lair:2)
  A butterfly (D:14)
  36 fungi
  85 plants
127 creatures vanquished.

Grand Total: 875 creatures vanquished

Notes
Turn   | Place    | Note
-------+----------+-------------------------------------------
     0 | D:1      | KleinerIrrer the Ogre Fighter began the quest for the Orb.
     0 | D:1      | Reached XP level 1. HP: 24/24 MP: 1/1
   157 | D:1      | Reached XP level 2. HP: 33/33 MP: 2/2
   218 | D:1      | Found a faded altar of an unknown god.
   283 | D:1      | Prayed at the altar of an unknown god.
   283 | D:1      | Became a worshipper of Cheibriados the Contemplative
   283 | D:1      | Reached * piety under Cheibriados
   316 | D:1      | Reached XP level 3. HP: 28/41 MP: 3/3
   518 | D:1      | Reached skill level 5 in Fighting
   617 | D:1      | Gained mutation: Your body sometimes deteriorates upon
                  | taking damage. [potion of mutation]
   617 | D:1      | Gained mutation: Your flesh is cold resistant. (rC+)
                  | [potion of mutation]
   617 | D:1      | Gained mutation: You expend magic power (3 MP) to
                  | strengthen your wands. [potion of mutation]
   618 | D:1      | Lost mutation: You expend magic power (3 MP) to strengthen
                  | your wands. [potion of mutation]
   618 | D:1      | Lost mutation: Your body sometimes deteriorates upon taking
                  | damage. [potion of mutation]
   618 | D:1      | Gained mutation: Your muscles are strong. (Str +4, Int/Dex
                  | -1) [potion of mutation]
   618 | D:1      | Gained mutation: Potions are less effective at restoring
                  | your health. [potion of mutation]
  1023 | D:2      | Reached ** piety under Cheibriados
  1024 | D:2      | Reached XP level 4. HP: 44/50 MP: 4/4
  1386 | D:2      | Noticed Robin
  1411 | D:2      | Killed Robin
  1624 | D:2      | Reached XP level 5. HP: 59/59 MP: 5/5
  2022 | D:2      | Noticed Sigmund
  2035 | D:2      | Killed Sigmund
  2036 | D:2      | Reached XP level 6. HP: 36/71 MP: 6/6
  2244 | D:3      | Reached *** piety under Cheibriados
  2450 | D:3      | Found a glowing drain.
  2471 | Sewer    | Entered a sewer
  2689 | Sewer    | Reached **** piety under Cheibriados
  3072 | D:3      | Reached XP level 7. HP: 54/78 MP: 7/7
  3084 | D:3      | Reached skill level 5 in Maces & Flails
  4046 | D:4      | Reached ***** piety under Cheibriados
  4095 | D:4      | Noticed Grinder
  4096 | D:4      | Paralysed by Grinder for 2 turns
  4108 | D:4      | Killed Grinder
  4708 | D:5      | Entered Level 5 of the Dungeon
  4731 | D:5      | Reached XP level 8. HP: 76/89 MP: 8/8
  4797 | D:5      | Noticed Bnni's ghost (amateur VSFi)
  4802 | D:5      | Found a runed translucent gate.
  4802 | D:5      | Found a runed translucent gate.
  4811 | D:5      | Found a runed translucent gate.
  5020 | D:5      | Killed Bnni's ghost
  5143 | D:5      | Found a sparkling altar of Nemelex Xobeh.
  5143 | D:5      | Found a transporter.
  5143 | D:5      | Noticed a two-headed ogre
  5143 | D:5      | Noticed a yak
  5284 | D:5      | Found a staircase to the Ecumenical Temple.
  5577 | D:5      | Found a hazy altar of Hepliaklqana.
  5995 | D:6      | Reached XP level 9. HP: 62/101 MP: 9/9
  6126 | D:6      | Found a glowing golden altar of the Shining One.
  6430 | D:6      | Reached skill level 5 in Dodging
  6454 | D:6      | Found a blossoming altar of Fedhas.
  6460 | D:6      | Reached skill level 10 in Fighting
  6681 | D:6      | Found a stormy altar of Qazlal.
  7725 | D:7      | Reached ****** piety under Cheibriados
  8418 | D:8      | Found a shimmering altar of Xom.
  8499 | D:8      | Found a radiant altar of Vehumet.
  8544 | D:8      | Reached XP level 10. HP: 111/111 MP: 10/10
  8561 | D:8      | Found a hide-covered altar of Uskayaw.
  9205 | D:9      | Reached skill level 1 in Invocations
  9318 | D:9      | Got the Spellbook of Elliptic Composition
  9338 | D:9      | Noticed a two-headed ogre
  9355 | D:9      | Killed a two-headed ogre
  9716 | D:9      | Found a staircase to the Orcish Mines.
 10004 | D:9      | HP: 5/114 [something (14)]
 10880 | D:10     | Entered Level 10 of the Dungeon
 10894 | D:10     | Reached skill level 10 in Maces & Flails
 11018 | D:10     | Noticed Sonja
 11023 | D:10     | Killed Sonja
 11037 | D:10     | Reached skill level 5 in Invocations
 11037 | D:10     | Reached XP level 11. HP: 56/123 MP: 14/14
 12047 | D:11     | Noticed a boulder beetle
 12061 | D:11     | Killed a boulder beetle
 12235 | D:11     | Noticed Lodul
 12252 | D:11     | Killed Lodul
 12575 | D:11     | Reached skill level 1 in Armour
 12755 | D:11     | Noticed a red ugly thing
 12768 | D:11     | Killed a red ugly thing
 13134 | D:11     | Reached XP level 12. HP: 136/136 MP: 17/17
 13235 | D:11     | Found a staircase to the Lair.
 13378 | D:12     | Noticed a two-headed ogre
 13389 | D:12     | Killed a two-headed ogre
 13485 | D:12     | Found a transporter.
 13486 | D:12     | Found a transporter.
 13486 | D:12     | Noticed a vampire knight
 13499 | D:12     | Noticed Forip Xumo's ghost (journeyman NaIE)
 14239 | Lair:1   | Entered Level 1 of the Lair of Beasts
 15295 | Lair:2   | Noticed a boulder beetle
 15323 | Lair:2   | Killed a boulder beetle
 15533 | Lair:2   | Noticed a six-headed hydra
 15542 | Lair:2   | Killed a six-headed hydra
 15543 | Lair:2   | Reached skill level 15 in Fighting
 15543 | Lair:2   | Reached XP level 13. HP: 142/149 MP: 18/18
 16527 | Lair:3   | Found a staircase to the Swamp.
 16635 | Lair:3   | Found a staircase to the Snake Pit.
 16644 | Lair:3   | Reached skill level 15 in Maces & Flails
 17015 | Lair:3   | Noticed Nergalle
 17016 | Lair:3   | Found a runed translucent door.
 17219 | Orc:1    | Entered Level 1 of the Orcish Mines
 17586 | Orc:1    | Identified a scroll of acquirement
 17591 | Orc:1    | Acquired 1325 gold pieces
 17595 | Orc:2    | Entered Level 2 of the Orcish Mines
 17871 | Orc:1    | Paralysed by a hornet for 2 turns
 17875 | Orc:1    | Reached XP level 14. HP: 125/163 MP: 8/19
 18073 | Orc:2    | Noticed Erolcha
 18073 | Orc:2    | Found Soalexamu's General Store.
 18088 | Orc:1    | Killed Erolcha
 18215 | Orc:2    | Noticed Josephine
 18229 | Orc:2    | Killed Josephine
 18360 | Orc:2    | Paralysed by an orc sorcerer for 5 turns
 18437 | Orc:2    | Found Gojigg's Jewellery Shop.
 18489 | Orc:2    | Found Nolaomia's Antique Weapon Boutique.
 18494 | Orc:2    | Found a staircase to the Elven Halls.
 18734 | Orc:2    | Noticed an orc warlord
 18754 | Orc:2    | Killed an orc warlord
 18785 | Orc:2    | Found Iraeg's Antique Armour Shop.
 18821 | Orc:2    | Bought a sheer robe for 136 gold pieces
 18821 | Orc:2    | Identified the +0 robe "Xevvidum" {rPois rC+ Str+2} (You
                  | bought it in a shop on level 2 of the Orcish Mines)
 18821 | Orc:2    | Bought a glowing scarf for 192 gold pieces
 18960 | Orc:2    | Bought 2 scrolls of acquirement for 1144 gold pieces
 18960 | Orc:2    | Bought a scroll of identify for 22 gold pieces
 18960 | Orc:2    | Bought a potion of curing for 33 gold pieces
 18973 | Orc:2    | Bought a ring of poison resistance for 200 gold pieces
 18973 | Orc:2    | Bought a +4 ring of protection for 360 gold pieces
 18977 | Orc:2    | Acquired the +5 giant spiked club "Vebarof" {antimagic,
                  | rPois rCorr Int+2}
 18978 | Orc:2    | Acquired the amulet of Ynoath {RegenMP rElec rPois Int+4}
 19000 | Orc:2    | Bought a +4 ring of protection for 360 gold pieces
 19318 | Lair:3   | Killed Nergalle
 19321 | Lair:3   | Found a shimmering altar of Xom.
 19321 | Lair:3   | Noticed Vildbasse's ghost (journeyman MiFi)
 19333 | Lair:3   | Killed Vildbasse's ghost
 19770 | Lair:4   | Acquired the -2 hat of the Alchemist {rElec rPois rF+ rC+
                  | rN+ Will+ rMut rCorr}
 19770 | Lair:4   | Found the -2 hat of the Alchemist {rElec rPois rF+ rC+ rN+
                  | Will+ rMut rCorr}
 20720 | Lair:5   | Entered Level 5 of the Lair of Beasts
 21180 | Lair:5   | Reached XP level 15. HP: 151/178 MP: 20/20
 21480 | Lair:5   | Found the +8 Wrath of Trog {antimagic, *Rage Rampage}
 21732 | Lair:5   | Found a staircase to the Slime Pits.
 22340 | D:12     | Killed Forip Xumo's ghost
 23022 | D:13     | Identified the +1 trident "Pydikhank" {freeze, rElec Str+3
                  | Dex-5 SInv}
 23424 | D:14     | Noticed Nessos
 23542 | D:14     | Killed Nessos
 23622 | D:14     | Noticed Urug
 23629 | D:14     | Killed Urug
 23665 | D:14     | Found a gate to the Vaults.
 23715 | D:14     | Found a portal to a secret trove of treasure.
 23759 | D:14     | Found a white marble altar of Elyvilon.
 23841 | D:14     | Noticed Louise
 23863 | D:14     | Noticed Rupert
 23867 | D:14     | Paralysed by Rupert for 3 turns
 24257 | Swamp:1  | Entered Level 1 of the Swamp
 24879 | Swamp:2  | Found a hide-covered altar of Uskayaw.
 24982 | Swamp:2  | Reached XP level 16. HP: 178/192 MP: 21/21
 25440 | Elf:1    | Entered Level 1 of the Elven Halls
 25712 | Elf:1    | Found a frozen archway.
 25751 | IceCv    | Entered an ice cave
 26537 | IceCv    | Found an ancient bone altar of Kikubaaqudgha.
 26590 | IceCv    | HP: 7/195 [caustic shrike simulacrum (14)]
 26590 | IceCv    | Slain by a caustic shrike simulacrum

Illustrated notes

Levels and vault maps discovered:
D:1:      saegor_arrival_under_anarchy, layout_rooms,
          hellmonk_ecumenical_altar_blasted, interstate_on_off
D:2:      layout_loops_cross, serial_bayou, serial_bayou_shore_a,
          serial_bayou_pond_a, serial_bayou_pond_c, serial_bayou_pond_c,
          serial_bayou_crossing, st_stairs_12, uniq_sigmund, uniq_robin
D:3:      layout_loops_ring, portal_sewer_entry_f
D:4:      layout_cave_pods, uniq_grinder
D:5:      layout_basic, nzn_hepliaklqana_mist_gate, grunt_nemelex_the_gamble,
          minmay_temple_entry_mini_moons, gammafunk_ghost_split
D:6:      layout_basic, mainiacjoe_overflow_tiny_flanked,
          mainiacjoe_overflow_six_doors_small, amcnicky_altar_gilded
D:7:      layout_basic, roderic_lattice_a, st_stairs_7
D:8:      layout_loops_cross, mainiacjoe_overflow_24_doors,
          mainiacjoe_overflow_small_starburst, kennysheep_little_box,
          chequers_serial_rivers_micro_c
D:9:      layout_layer_cave, orc_0_dummy, nicolae_figureground_sparkle
D:10:     layout_loops_ring, uniq_sonja
D:11:     layout_roguey, erik_lair_dragon, uniq_lodul
D:12:     layout_irregular_city, gammafunk_ghost_mausoleum
D:13:     layout_loops_corners, minmay_fractal_squares_5
D:14:     layout_loops_cross, david_vaults_3, nicolae_elyvilon_peaceful_grove,
          enter_trove_1, uniq_louise
Lair:1:   layout_hall_layers, infiniplex_staircase_pool_2
Lair:2:   layout_loops_ring, chequers_serial_rivers_room_a
Lair:3:   layout_big_grid, nicolae_swamp_entry_spooky,
          guppyfry_snake_entry_island, ebering_ghost_xom, serial_bayou_shore_b,
          grunt_megastairs_4, uniq_nergalle
Lair:4:   layout_concentric_octagons
Lair:5:   gammafunk_lair_ancient_temple, layout_layer_cave,
          minmay_slime_entry_pillars, st_stairs_12, lookout_lair_type
Swamp:1:  layout_basic_swamp, hangedman_swamp_ruin_wall
Swamp:2:  layout_basic_swamp, basic_altar, swamp_pool4, hangedman_swamp_cone,
          hangedman_swamp_phenomena, infiniplex_staircase_pool
Orc:1:    hellmonk_paralyzer, layout_caves
Orc:2:    grunt_orc_gardens, layout_caves, grunt_orc_garden, grunt_orc_garden,
          grunt_orc_garden, grunt_orc_garden, uniq_erolcha, uniq_josephine
Elf:1:    nicolae_elf_arrival_no_cutting_in_line, layout_loops_corners,
          ploomutoo_gammafunk_ghost_potion_laboratory,
          portal_ice_cave_entry_ugly_swarm, hangedman_corner_corridor,
          hangedman_elven_crosses_minicolossus
IceCv:    ice_cave_small_necro

Skill      XL: |  1  2  3  4  5  6  7  8  9 10 11 12 13 14 15 16 |
---------------+-------------------------------------------------+-----
Maces & Flails | 2 3 4 6 7 9 10 11 13 15 17 19 20 | 20.0
Fighting       | 5 7 8 9 10 11 13 15 16 18 20 | 20.8
Dodging        | 3 4 6 7 |  7.7
Invocations    | 5 7 |  7.0
Armour         | 1 2 |  2.0
Shields        | |  3.0

Action                     |  1- 3 |  4- 6 |  7- 9 | 10-12 | 13-15 | 16-18 || total
---------------------------+-------+-------+-------+-------+-------+-------++-------
  Melee: Flail             |   134 |   236 |   314 |   567 |   554 |       ||  1805
         Giant spiked club |       |       |       |       |   381 |   172 ||   553
  Throw: Stone             |       |     5 |       |       |       |       ||     5
         Boomerang         |       |       |    13 |    25 |    18 |       ||    56
         Dart              |       |       |       |     1 |       |       ||     1
 Invoke: Slouch            |       |       |       |     4 |    15 |     2 ||    21
         Bend Time         |       |       |       |     1 |       |       ||     1
  Evoke: Wand              |       |       |       |       |       |     5 ||     5
    Use: Potion            |     5 |       |     1 |     8 |     8 |     3 ||    25
         Scroll            |     1 |     4 |     7 |     5 |    20 |     3 ||    40
   Stab: Sleeping          |       |       |     2 |     1 |     2 |       ||     5
         Invisible         |       |       |       |       |     8 |       ||     8
 Armour: Robe              |    52 |    59 |    53 |    50 |       |    86 ||   300
         Skin              |       |       |     6 |       |       |       ||     6
         Troll leather arm |       |       |       |    52 |   271 |     1 ||   324
  Dodge: Dodged            |    66 |    98 |   101 |   172 |   451 |   125 ||  1013
  Block: Kite shield       |    67 |    99 |   158 |   308 |   450 |       ||  1082
         Reflection        |       |       |       |    13 |    19 |       ||    32
         Other             |       |       |       |       |    83 |    48 ||   131

Table legend: (Time is in decaauts)
 A = Elapsed time spent in this place.
 B = Non-inter-level travel time spent in this place.
 C = Inter-level travel time spent in this place.
 D = Time resting spent in this place.
 E = Time spent auto-exploring this place.
 F = Levels seen in this place.
 G = Mean time per level.
                   A        B        C        D        E       F      G
               +--------+--------+--------+--------+--------+-----+--------+
         Total |  41860 |  32760 |   9100 |   4156 |  21160 |  26 | 1610.0 |
       Dungeon |  25423 |  20939 |   4484 |   2582 |  14440 |  14 | 1815.9 |
          Lair |   9823 |   7329 |   2494 |    373 |   5242 |   5 | 1964.6 |
         Swamp |   1455 |    779 |    676 |    230 |    317 |   2 |  727.5 |
  Orcish Mines |   3126 |   1852 |   1274 |    257 |    875 |   2 | 1563.0 |
   Elven Halls |    387 |    216 |    171 |     66 |      0 |   1 |  387.0 |
         Sewer |    724 |    724 |      0 |     52 |    285 |   1 |  724.0 |
      Ice Cave |    918 |    918 |      0 |    595 |      0 |   1 |  918.0 |
               +--------+--------+--------+--------+--------+-----+--------+

Top non-repeatable levels by time:
     D:9: 3352 daAuts
    D:11: 3132 daAuts
  Lair:5: 2502 daAuts
  Lair:1: 2207 daAuts
     D:5: 2065 daAuts
  Lair:3: 2040 daAuts
     D:7: 1884 daAuts
     D:4: 1823 daAuts
  Lair:2: 1821 daAuts
    D:13: 1752 daAuts
    D:10: 1744 daAuts
    D:12: 1666 daAuts
     D:2: 1660 daAuts
     D:6: 1652 daAuts
   Orc:2: 1615 daAuts
